Map: King of Braxis Station

Players

MrFercho

  • Race: Zerg Zerg
  • League: Silver
  • Spawn Location: 9:00

tigro - Winner!

  • Race: Terran Terran
  • League: Bronze
  • Spawn Location: 1:00

TATORREA

  • Race: Protoss Protoss
  • League: Gold
  • Spawn Location: 12:00

VOD

Have the link to the VOD?

Description

Time

  • Played on: July 18, 2020, 7:32 p.m.
  • Length: 24:54
Show
View Real Time Build Order
Export as new Build Order

MrFercho Zerg 

Build Orders: Pool First, Lurkers 

Get SALT Encoding   

  12  0:01  Drone  
  13  0:12  Overlord  
  13  0:16  Drone  
  14  0:31  Drone x2  
  16  0:45  Drone  
  16  0:47  Drone  
  18  0:59  Extractor  
  18  1:02  Spawning Pool, Drone  
  17  1:09  Drone  
  18  1:23  Drone  
  19  1:34  Drone  
  20  1:55  Drone  
  20  1:56  Drone  
  22  2:22  Metabolic Boost  
  22  2:25  Overlord x2  
  22  2:26  Overlord, Hatchery  
  22  2:28  Queen, Hatchery  
  23  2:44  Zergling x2  
  23  2:59  Drone x2  
  25  3:12  Hatchery  
  24  3:14  Extractor  
  24  3:19  Lair  
  23  3:25  Zergling x4  
  25  3:50  Drone x3  
  28  4:00  Hatchery  
  28  4:02  Zergling x4  
  29  4:03  Zergling x2  
  29  4:04  Zergling x2  
  31  4:41  Drone x9  
  40  4:52  Drone x3  
  42  5:13  Zergling x10  
  47  5:21  Drone x3  
  49  5:33  Hydralisk Den  
  48  5:38  Evolution Chamber  
  48  5:40  Evolution Chamber  
  46  5:55  Drone x6  
  52  6:01  Overlord  
  52  6:03  Zergling x2  
  52  6:04  Zergling x2  
  54  6:16  Overlord  
  54  6:17  Overlord x2  
  54  6:42  Hydralisk x2  
  54  6:43  Hydralisk x6  
  66  7:07  Hydralisk  
  66  7:08  Hydralisk x6  
  68  7:10  Overlord  
  80  7:21  Zerg Ground Armor Level 1, Zerg Missile Weapons Level 1  
  80  7:22  Muscular Augments  
  80  7:42  Queen  
  79  7:44  Spore Crawler  
  79  7:46  Spore Crawler  
  77  7:56  Spore Crawler  
  76  8:03  Hydralisk  
  76  8:04  Hydralisk x2  
  81  8:12  Overlord x4  
  81  8:13  Overlord  
  81  8:25  Drone x13  
  94  8:29  Pneumatized Carapace  
  94  8:34  Grooved Spines  
  94  8:53  Drone x3  
  94  8:55  Infestation Pit  
  96  8:56  Drone x4  
  96  8:57  Drone x7  
  96  9:01  Extractor  
  106  9:03  Extractor  
  106  9:06  Queen  
  106  9:09  Extractor  
  106  9:11  Extractor, Drone x2  
  107  9:48  Hive  
  107  9:49  Zerg Ground Armor Level 2  
  107  9:55  Drone x3  
  110  10:01  Drone x4  
  114  10:15  Zerg Missile Weapons Level 2, Hatchery  
  113  10:22  Spore Crawler  
  113  10:23  Spore Crawler  
  111  10:29  Lurker Den  
  111  10:32  Drone x4, Spire  
  113  10:52  Queen  
  115  11:19  Burrow  
  115  11:26  Hydralisk x15  
  115  11:27  Hydralisk  
  115  11:28  Overlord x3  
  115  11:29  Overlord x4  
  147  11:44  Overlord x4  
  147  11:45  Overlord x2  
  146  12:12  Baneling Nest  
  145  12:22  Spine Crawler  
  144  12:27  Hydralisk  
  144  12:28  Hydralisk x19  
  184  12:42  Zergling x8  
  184  12:43  Zergling x24  
  200  13:09  Zerg Missile Weapons Level 3, Zerg Ground Armor Level 3  
  200  13:11  Adrenal Glands  
  196  13:35  Seismic Spines  
  196  13:54  Greater Spire  
  196  13:57  Nydus Network  
  195  14:16  Lurker  
  195  14:17  Lurker x4  
  200  14:29  Centrifical Hooks  
  200  14:32  Adaptive Talons  
  200  14:37  Overseer  
  200  14:38  Overseer x2  
  200  14:39  Overseer  
  200  15:27  Nydus Canal  
  200  15:41  Lair  
  176  16:37  Hydralisk x12  
  186  17:12  Hive  
  180  17:16  Spire  
  153  17:41  Hydralisk Den  
  152  18:28  Hatchery  
  81  20:34  Hatchery  
  57  22:34  Hatchery  
  43  23:17  Hatchery  
  40  23:23  Hatchery  
  34  23:33  Hatchery  
Show
View Real Time Build Order
Export as new Build Order

tigro Terran - Winner!

Build Orders:  

Get SALT Encoding   

  12  0:02  SCV  
  14  0:14  SCV  
  14  0:20  Supply Depot  
  14  0:26  SCV  
  15  0:38  Refinery  
  15  0:42  SCV  
  16  0:49  Barracks  
  16  0:54  SCV  
  17  1:01  Refinery  
  17  1:06  SCV  
  18  1:18  Supply Depot, SCV  
  19  1:30  SCV  
  20  1:37  Marine  
  21  1:42  SCV  
  22  1:55  Marine, SCV  
  24  2:03  Barracks  
  24  2:13  Marine  
  25  2:29  SCV  
  26  2:31  Marine  
  27  2:40  Engineering Bay  
  27  2:41  SCV  
  28  2:49  Marine  
  29  2:53  Barracks Tech Lab  
  29  2:59  Orbital Command  
  29  3:11  Factory  
  29  3:14  Barracks Reactor  
  29  3:22  Terran Infantry Weapons Level 1  
  29  3:24  Combat Shield  
  29  3:40  Missile Turret  
  29  3:59  Factory Tech Lab  
  29  4:05  Missile Turret  
  29  4:17  Starport  
  29  4:33  Missile Turret  
  29  4:36  Siege Tank  
  32  4:40  Marine x3  
  32  4:43  Stimpack  
  35  4:55  Starport  
  35  4:58  Marine x3  
  35  4:59  Medivac, Missile Turret  
  40  5:17  Terran Infantry Armor Level 1  
  40  5:20  Mag-Field Accelerator, Missile Turret  
  40  5:38  Starport Tech Lab  
  40  5:39  Starport Tech Lab  
  40  5:54  Armory  
  40  5:59  Missile Turret  
  40  6:21  Missile Turret  
  40  6:30  Siege Tank  
  43  6:33  Marine  
  43  6:34  Marine x2  
  46  6:51  Marine  
  47  6:54  Marine  
  47  7:11  Hi-Sec Auto Tracking  
  47  7:31  Fusion Core  
  47  7:32  Terran Vehicle Weapons Level 1  
  47  7:48  Supply Depot  
  47  8:08  Neosteel Armor  
  47  8:09  Marine x3, Siege Tank  
  47  8:10  Supply Depot  
  53  8:27  Marine x2  
  53  8:32  Command Center, Marine  
  53  8:33  Supply Depot  
  56  8:45  Marine  
  57  8:55  Supply Depot  
  57  9:02  Marine  
  58  9:18  Supply Depot  
  58  9:26  Terran Vehicle And Ship Armor Level 1  
  58  10:13  Thor  
  64  10:25  Missile Turret  
  64  10:46  Missile Turret  
  64  10:50  SCV  
  64  10:55  Thor  
  71  11:02  SCV  
  72  11:06  Missile Turret  
  72  11:14  SCV  
  73  11:22  Battlecruiser  
  79  11:26  Missile Turret  
  79  11:31  Refinery  
  79  11:32  SCV  
  80  11:38  Thor  
  80  11:39  Refinery  
  86  11:44  SCV  
  87  11:49  Missile Turret  
  87  11:56  SCV  
  88  12:08  SCV, Missile Turret  
  89  12:18  Missile Turret  
  89  12:20  SCV  
  90  12:27  Missile Turret  
  90  12:32  SCV  
  91  12:44  SCV  
  91  12:47  Missile Turret x2  
  92  12:53  Weapon Refit  
  92  12:57  SCV  
  93  13:07  Missile Turret  
  93  13:09  SCV  
  93  13:10  Missile Turret  
  94  13:21  SCV  
  94  13:27  Missile Turret  
  95  13:33  SCV  
  96  13:39  Missile Turret  
  96  13:45  SCV  
  96  13:47  Missile Turret  
  97  13:55  Missile Turret  
  97  13:57  SCV  
  97  14:01  Missile Turret  
  98  14:08  Missile Turret  
  98  14:09  SCV  
  99  14:15  Terran Infantry Weapons Level 2  
  99  14:18  Missile Turret  
  99  14:21  SCV  
  99  14:23  Marine x3  
  103  14:29  Missile Turret  
  103  14:33  Rapid Reignition System, SCV  
  103  14:35  Terran Ship Weapons Level 1  
  104  14:40  Missile Turret  
  104  14:45  SCV  
  104  14:51  Missile Turret  
  105  14:58  Missile Turret, SCV  
  106  15:03  Missile Turret  
  106  15:10  SCV  
  107  15:18  Command Center  
  107  15:20  Missile Turret  
  107  15:22  SCV  
  107  15:28  Missile Turret  
  108  15:34  SCV, Missile Turret  
  109  15:41  Missile Turret  
  109  15:46  SCV  
  110  15:51  Missile Turret  
  110  15:57  Missile Turret  
  110  15:59  Planetary Fortress  
  110  16:13  Battlecruiser  
  110  16:14  Battlecruiser  
  110  16:16  Missile Turret  
  122  16:24  Missile Turret  
  122  16:30  Terran Infantry Armor Level 2  
  122  16:37  Missile Turret  
  122  16:39  Planetary Fortress  
  122  16:50  Missile Turret  
  122  16:56  Command Center  
  122  17:08  Command Center  
  122  17:11  Missile Turret  
  122  17:18  Battlecruiser  
  122  17:22  Battlecruiser  
  134  17:34  Missile Turret  
  134  18:20  Planetary Fortress  
  134  18:22  Battlecruiser  
  134  18:23  Planetary Fortress  
  134  18:26  Battlecruiser  
  146  18:34  Missile Turret  
  146  18:50  Missile Turret  
  146  18:55  Missile Turret  
  146  19:20  Marine x3  
  149  19:26  Battlecruiser  
  149  19:30  Battlecruiser  
  161  19:37  Marine  
  161  19:38  Marine x2  
  164  19:55  Marine  
  164  19:56  Marine  
  166  20:30  Battlecruiser  
  166  20:34  Battlecruiser  
  175  21:35  Battlecruiser  
  175  21:39  Battlecruiser  
  135  22:39  Battlecruiser  
  135  22:43  Battlecruiser  
  147  23:43  Battlecruiser  
Show
View Real Time Build Order
Export as new Build Order

TATORREA Protoss 

Build Orders:  

Get SALT Encoding   

  12  0:02  Probe  
  13  0:27  Probe  
  14  0:37  Probe  
  14  0:40  Pylon  
  15  0:45  Assimilator  
  15  0:56  Probe  
  16  1:10  Probe  
  16  1:15  Gateway  
  16  1:17  Gateway  
  17  1:19  Probe  
  18  1:28  Probe  
  18  1:29  Pylon  
  19  1:40  Probe  
  19  1:44  Pylon  
  19  2:03  Probe  
  20  2:15  Probe  
  21  2:19  Cybernetics Core  
  21  2:28  Assimilator  
  21  2:33  Probe  
  22  2:44  Zealot  
  24  2:45  Probe  
  25  2:57  Probe  
  26  3:03  Warp Gate, Shield Battery  
  26  3:06  Sentry  
  26  3:09  Probe  
  29  3:13  Nexus  
  29  3:14  Pylon  
  29  3:16  Pylon  
  29  3:21  Probe  
  30  3:33  Gateway, Probe  
  31  3:38  Stalker  
  31  3:40  Stalker  
  35  3:45  Probe  
  36  3:58  Probe  
  37  4:08  Stargate  
  37  4:10  Probe  
  37  4:13  Pylon  
  38  4:22  Probe  
  37  4:27  Zealot  
  39  4:32  Probe  
  39  4:34  Probe  
  39  4:44  Probe  
  39  4:46  Probe  
  39  4:58  Stalker x2  
  42  5:14  Probe x2  
  44  5:25  Probe  
  44  5:26  Probe  
  44  5:28  Void Ray  
  46  5:34  Probe  
  46  5:35  Probe  
  50  5:37  Fleet Beacon  
  52  5:43  Probe x2  
  54  5:52  Stalker, Probe  
  54  5:53  Probe  
  57  6:05  Probe x2  
  59  6:17  Probe  
  59  6:18  Probe  
  61  6:22  Stargate  
  61  6:23  Robotics Facility  
  61  6:26  Pylon  
  61  6:28  Unknown  
  61  6:34  Probe x2  
  63  6:41  Assimilator  
  63  6:46  Assimilator  
  63  6:49  Gateway  
  63  6:50  Gateway  
  63  6:53  Pylon  
  63  6:56  Probe  
  64  7:14  Phoenix x2  
  68  7:17  Immortal  
  72  7:29  Probe  
  73  7:52  Void Ray x2  
  81  8:06  Probe  
  81  8:27  Stalker x2  
  85  8:43  Pylon  
  85  8:45  Pylon  
  85  8:46  Stargate  
  85  8:48  Cybernetics Core, Stargate  
  79  8:49  Carrier  
  85  9:04  Tempest  
  90  9:40  Carrier  
  90  9:41  Protoss Air Weapons Level 1  
  90  9:44  Zealot x3  
  102  9:56  Pylon  
  102  10:03  Pylon  
  102  10:08  Pylon  
  102  10:11  Pylon  
  102  10:14  Pylon  
  102  10:18  Pylon  
  102  10:22  Gateway  
  102  10:23  Gateway  
  102  10:25  Gateway  
  102  10:27  Twilight Council  
  102  10:29  Pylon  
  102  10:30  Robotics Bay  
  102  10:31  Zealot x2  
  102  10:32  Gateway, Pylon, Zealot x2  
  102  10:35  Gateway  
  110  10:36  Pylon  
  110  10:38  Gateway  
  110  10:40  Gateway  
  110  10:44  Pylon  
  110  10:47  Gateway, Zealot  
  110  10:49  Gateway  
  112  10:51  Gateway  
  112  10:55  Gateway, Charge  
  106  11:16  Forge  
  106  11:18  Forge  
  106  11:20  Carrier, Tempest, Forge  
  106  11:21  Templar Archives  
  117  11:26  Extended Thermal Lance  
  117  11:39  Colossus  
  123  11:48  Probe  
  123  11:51  Protoss Ground Armor Level 1, Protoss Ground Weapons Level 1  
  123  11:52  Protoss Shields Level 1  
  124  12:23  Nexus  
  124  12:31  Probe x2  
  126  13:19  Stalker x2  
  130  13:20  Stalker x3  
  130  13:21  Stalker x3  
  130  13:22  Stalker x4  
  130  13:23  Stalker  
  130  13:24  Zealot x3  
  156  13:33  Probe x2  
  158  13:35  Probe  
  158  13:38  Colossus  
  165  13:45  Blink, Probe x2  
  165  13:47  Probe  
  168  13:57  Probe x2  
  168  14:02  Pylon  
  170  14:05  Pylon  
  170  14:07  Pylon  
  170  14:09  Carrier  
  176  14:14  Zealot x2  
  176  14:15  Zealot x5  
  176  14:16  Zealot  
  192  14:20  Zealot  
  194  14:27  Observer  
  195  14:47  Protoss Air Armor Level 1  
  195  14:54  Gravitic Boosters  
  195  14:55  Unknown  
  195  14:58  Unknown  
  195  15:28  Probe  
  195  15:29  Probe x2  
  198  15:40  Probe  
  198  15:41  Probe  
  185  16:34  Gateway  
  185  16:36  Gateway  
  185  16:38  Gateway  
  178  16:40  Gateway  
  178  16:43  Gateway  
  178  16:45  Stargate  
  178  16:47  Stargate  
  178  16:52  Pylon  
  174  16:56  Pylon  
  174  17:00  Pylon  
  174  17:03  Pylon  
  174  17:09  Pylon  
  174  17:13  Pylon  
  146  17:42  Pylon  
  146  17:45  Pylon  
  146  17:49  Pylon  
  146  17:52  Gateway  
  146  17:54  Gateway  
  146  17:55  Gateway  
  146  17:57  Gateway x2  
  146  18:01  Gateway x2  
  146  18:04  Gateway  
  146  18:07  Gateway  
  146  18:09  Gateway  
  146  18:11  Gateway  
  146  18:14  Gateway  
  146  18:17  Gateway  
  6  19:18  Gateway  
Tags
 
Add a new tag
Caveats
  • Supply blocks, unpowered buildings, or Contaminate may cause inaccurate times.
  • Supply counts are checked every 10 seconds.